TOP OF THE 1ST |
University of Michigan Wolverines batting - Pitching for University of California Golden Bears : RHP Mike Rosen
|
Pitching: RHP Mike Rosen
|
|
Batting: RHB Alex Vasquez
|
0-0: Swinging Strike 0-1: Ground out 1-3 (Groundball, P, EV 60.6 MPH)
|
Batting: RHB Justin Reich
|
0-0: Called Strike 0-1: Ball 1-1: Foul Ball, location: 2F 1-2: Foul Ball, location: 2F 1-2: Ground out 4-3 (Groundball, 4, EV 92.5 MPH)
|
Batting: RHB Brandon Perris
|
0-0: Swinging Strike 0-1: Ball 1-1: Ball 2-1: Called Strike 2-2: Strikes out swinging
|
Top of the 1st over - 0 runs, 0 hits, 0 errors, 0 left on base; University of Michigan 0 - University of California 0 |
BOTTOM OF THE 1ST |
University of California Golden Bears batting - Pitching for University of Michigan Wolverines : RHP Ken Armstrong
|
Pitching: RHP Ken Armstrong
|
|
Batting: SHB Jim Conklin
|
0-0: Foul Ball, location: 2F 0-1: Called Strike 0-2: Ball 1-2: Strikes out looking
|
Batting: LHB Joe Phillips
|
0-0: Foul Ball, location: 2F 0-1: Swinging Strike 0-2: Ball 1-2: Ball 2-2: Foul Ball, location: 2F 2-2: Strikes out looking
|
Batting: RHB Eddie Zamora
|
0-0: Foul Ball, location: 2F 0-1: Ground out 6-3 (Groundball, 6M, EV 81.3 MPH)
|
Bottom of the 1st over - 0 runs, 0 hits, 0 errors, 0 left on base; University of Michigan 0 - University of California 0 |
TOP OF THE 2ND |
University of Michigan Wolverines batting - Pitching for University of California Golden Bears : RHP Mike Rosen
|
Batting: RHB Deshawn Boseman
|
0-0: Ball 1-0: Foul Ball, location: 2F 1-1: Foul Ball, location: 2F 1-2: Foul Ball, location: 2F 1-2: Strikes out swinging
|
Batting: RHB Zach Downs
|
0-0: Ball 1-0: SINGLE (Line Drive, 4MD, EV 97.5 MPH)
|
Batting: LHB Tsuneharu Nishimura
|
0-0: Called Strike 0-1: Swinging Strike 0-2: Ball 1-2: Strikes out swinging
|
Batting: RHB Johannes Gutermuth
|
0-0: Fly out, F8 (Flyball, 8LS, EV 88.8 MPH)
|
Top of the 2nd over - 0 runs, 1 hit, 0 errors, 1 left on base; University of Michigan 0 - University of California 0 |
BOTTOM OF THE 2ND |
University of California Golden Bears batting - Pitching for University of Michigan Wolverines : RHP Ken Armstrong
|
Batting: LHB Bill Baconneck
|
0-0: Called Strike 0-1: DOUBLE (Line Drive, 78D, EV 109.4 MPH)
|
Batting: RHB Jose Sanchez
|
0-0: Ball 1-0: Swinging Strike 1-1: Reached on error, E5 (Groundball, 56S, EV 79.4 MPH) Bill Baconneck to third
|
Batting: RHB Jack Nickleberry
|
0-0: Called Strike 0-1: Ball 1-1: Ball 2-1: Foul Ball, location: 2F 2-2: Foul Ball, location: 2F 2-2: Strikes out swinging
|
Batting: SHB Sean Hill
|
0-0: Ball 1-0: Called Strike 1-1: Foul Ball, location: 2F 1-2: Strikes out swinging
|
Batting: RHB Bob Magana
|
0-0: Called Strike 0-1: Foul Ball, location: 2F 0-2: Fly out, F8 (Flyball, 8LM, EV 98.1 MPH)
|
Bottom of the 2nd over - 0 runs, 1 hit, 1 error, 2 left on base; University of Michigan 0 - University of California 0 |
TOP OF THE 3RD |
University of Michigan Wolverines batting - Pitching for University of California Golden Bears : RHP Mike Rosen
|
Batting: RHB Billy Fahl
|
0-0: Ball 1-0: Ground out 6-3 (Groundball, 6, EV 85.0 MPH)
|
Batting: RHB Ken Armstrong
|
0-0: Ball 1-0: Called Strike 1-1: Foul Ball, location: 2F 1-2: Ball 2-2: Ball 3-2: Ground out U3 (Groundball, 3, EV 75.6 MPH)
|
Batting: RHB Alex Vasquez
|
0-0: Called Strike 0-1: Ball 1-1: Ball 2-1: Swinging Strike 2-2: Reached on error, E5 (Groundball, 56S, EV 86.3 MPH)
|
Batting: RHB Justin Reich
|
0-0: Foul Ball, location: 2F 0-1: Swinging Strike 0-2: Ball 1-2: Strikes out swinging
|
Top of the 3rd over - 0 runs, 0 hits, 1 error, 1 left on base; University of Michigan 0 - University of California 0 |
BOTTOM OF THE 3RD |
University of California Golden Bears batting - Pitching for University of Michigan Wolverines : RHP Ken Armstrong
|
Batting: LHB Mike Rosen
|
0-0: Ball 1-0: Fly out, F7 (Flyball, 78M, EV 91.3 MPH)
|
Batting: SHB Jim Conklin
|
0-0: Ball 1-0: Ball 2-0: Foul Ball, location: 2F 2-1: Fly out, F9 (Flyball, 89D, EV 89.4 MPH)
|
Batting: LHB Joe Phillips
|
0-0: Ball 1-0: Foul Ball, location: 2F 1-1: Ground out 6-3 (Groundball, 6, EV 110.0 MPH)
|
Bottom of the 3rd over - 0 runs, 0 hits, 0 errors, 0 left on base; University of Michigan 0 - University of California 0 |
TOP OF THE 4TH |
University of Michigan Wolverines batting - Pitching for University of California Golden Bears : RHP Mike Rosen
|
Batting: RHB Brandon Perris
|
0-0: Ball 1-0: Foul Ball, location: 2F 1-1: Ground out 6-3 (Groundball, 6, EV 101.3 MPH)
|
Batting: RHB Deshawn Boseman
|
0-0: Called Strike 0-1: Ball 1-1: Called Strike 1-2: Ball 2-2: Ball 3-2: Foul Ball, location: 2F 3-2: Fly out, F7 (Flyball, 7D, EV 88.1 MPH)
|
Batting: RHB Zach Downs
|
0-0: Called Strike 0-1: DOUBLE (Line Drive, 8LXD, EV 110.0 MPH)
|
Batting: LHB Tsuneharu Nishimura
|
0-0: Foul Ball, location: 2F 0-1: Swinging Strike 0-2: Strikes out swinging
|
Top of the 4th over - 0 runs, 1 hit, 0 errors, 1 left on base; University of Michigan 0 - University of California 0 |
BOTTOM OF THE 4TH |
University of California Golden Bears batting - Pitching for University of Michigan Wolverines : RHP Ken Armstrong
|
Batting: RHB Eddie Zamora
|
0-0: Called Strike 0-1: Ball 1-1: Fly out, F6 (Flyball, 56D, EV 96.9 MPH)
|
Batting: LHB Bill Baconneck
|
0-0: Called Strike 0-1: Ball 1-1: Ground out 4-3 (Groundball, 4, EV 79.4 MPH)
|
Batting: RHB Jose Sanchez
|
0-0: Swinging Strike 0-1: Ball 1-1: Ball 2-1: Swinging Strike 2-2: Strikes out swinging
|
Bottom of the 4th over - 0 runs, 0 hits, 0 errors, 0 left on base; University of Michigan 0 - University of California 0 |
TOP OF THE 5TH |
University of Michigan Wolverines batting - Pitching for University of California Golden Bears : RHP Mike Rosen
|
Batting: RHB Johannes Gutermuth
|
0-0: Foul Ball, location: 2F 0-1: Foul Ball, location: 2F 0-2: SOLO HOME RUN (Flyball, 8LXD, EV 90.6 MPH), Distance : 452 ft
|
Batting: RHB Billy Fahl
|
0-0: Ground out 6-3 (Groundball, 6, EV 92.5 MPH)
|
Batting: RHB Ken Armstrong
|
0-0: Ground out U3 (Groundball, 34, EV 90.0 MPH)
|
Batting: RHB Alex Vasquez
|
0-0: DOUBLE (Groundball, 5L, EV 108.1 MPH)
|
Batting: RHB Justin Reich
|
0-0: Ball 1-0: Called Strike 1-1: Foul Ball, location: 2F 1-2: Ball 2-2: Fly out, F5 (Flyball, 5D, EV 94.4 MPH)
|
Top of the 5th over - 1 run, 2 hits, 0 errors, 1 left on base; University of Michigan 1 - University of California 0 |
BOTTOM OF THE 5TH |
University of California Golden Bears batting - Pitching for University of Michigan Wolverines : RHP Ken Armstrong
|
Batting: RHB Jack Nickleberry
|
0-0: Fly out, F9 (Line Drive, 9, EV 91.9 MPH)
|
Batting: SHB Sean Hill
|
0-0: Called Strike 0-1: Called Strike 0-2: Ball 1-2: Fly out, F9 (Flyball, 89M, EV 83.8 MPH)
|
Batting: RHB Bob Magana
|
0-0: Foul Ball, location: 2F 0-1: Called Strike 0-2: Foul Ball, location: 2F 0-2: Ball 1-2: Ground out 1-3 (Groundball, P, EV 70.0 MPH)
|
Bottom of the 5th over - 0 runs, 0 hits, 0 errors, 0 left on base; University of Michigan 1 - University of California 0 |
TOP OF THE 6TH |
University of Michigan Wolverines batting - Pitching for University of California Golden Bears : RHP Mike Rosen
|
Batting: RHB Brandon Perris
|
0-0: Called Strike 0-1: Ball 1-1: Ball 2-1: Called Strike 2-2: Ball 3-2: Strikes out swinging
|
Batting: RHB Deshawn Boseman
|
0-0: Ball 1-0: Called Strike 1-1: Foul Ball, location: 2F 1-2: Ball 2-2: Foul Ball, location: 2F 2-2: Foul Ball, location: 2F 2-2: Foul Ball, location: 2F 2-2: Foul Ball, location: 2F 2-2: Foul Ball, location: 2F 2-2: Fly out, F8 (Flyball, 8LXD, EV 105.0 MPH)
|
Batting: RHB Zach Downs
|
0-0: Called Strike 0-1: Swinging Strike 0-2: Ball 1-2: Foul Ball, location: 2F 1-2: Ball 2-2: Ball 3-2: Fly out, F2 (Popup, 3SF, EV 90.0 MPH)
|
Top of the 6th over - 0 runs, 0 hits, 0 errors, 0 left on base; University of Michigan 1 - University of California 0 |
BOTTOM OF THE 6TH |
University of California Golden Bears batting - Pitching for University of Michigan Wolverines : RHP Ken Armstrong
|
Pinch Hitting: RHB Al Gallob
|
0-0: Called Strike 0-1: Ball 1-1: Swinging Strike 1-2: Strikes out swinging
|
Batting: SHB Jim Conklin
|
0-0: Called Strike 0-1: Ball 1-1: Called Strike 1-2: Ball 2-2: Strikes out looking
|
Batting: LHB Joe Phillips
|
0-0: Called Strike 0-1: Ball 1-1: Foul Ball, location: 2F 1-2: Ball 2-2: Foul Ball, location: 2F 2-2: SINGLE (Groundball, 6MD, EV 108.1 MPH)
|
Pitching: LHP Bobby Jones
|
|
Now at C: Parker Lowe
|
|
Batting: RHB Eddie Zamora
|
0-0: Called Strike 0-1: Fly out, F7 (Line Drive, 7D, EV 96.9 MPH)
|
Bottom of the 6th over - 0 runs, 1 hit, 0 errors, 1 left on base; University of Michigan 1 - University of California 0 |
TOP OF THE 7TH |
University of Michigan Wolverines batting - Pitching for University of California Golden Bears : RHP Mike Rosen
|
Pitching: RHP Edgar Gonzalez
|
|
Batting: LHB Tsuneharu Nishimura
|
0-0: Called Strike 0-1: Called Strike 0-2: SINGLE (Line Drive, 7S, EV 106.9 MPH)
|
Batting: RHB Johannes Gutermuth
|
0-0: Called Strike Tsuneharu Nishimura steals 2nd base 0-1: Ball 1-1: Intentional Walk
|
Batting: RHB Billy Fahl
|
0-0: Ground out 5-3 (Groundball, 56S, EV 66.3 MPH) Tsuneharu Nishimura to third Johannes Gutermuth to second
|
Batting: LHB Parker Lowe
|
0-0: Intentional Walk
|
Batting: RHB Alex Vasquez
|
0-0: Ball 1-0: Ball 2-0: Ball 3-0: Called Strike 3-1: Foul Ball, location: 2F 3-2: Grounds into fielders choice 1-2 (Groundball, 13S, EV 71.9 MPH) Johannes Gutermuth to third Parker Lowe to second
|
Batting: RHB Justin Reich
|
0-0: Ball 1-0: Fly out, F9 (Flyball, 9, EV 97.5 MPH)
|
Top of the 7th over - 0 runs, 1 hit, 0 errors, 3 left on base; University of Michigan 1 - University of California 0 |
BOTTOM OF THE 7TH |
University of California Golden Bears batting - Pitching for University of Michigan Wolverines : LHP Bobby Jones
|
Batting: LHB Bill Baconneck
|
0-0: Called Strike 0-1: Ball 1-1: Foul Ball, location: 2F 1-2: Foul Ball, location: 2F 1-2: Ball 2-2: Ball 3-2: Foul Ball, location: 2F 3-2: SINGLE (Line Drive, 56D, EV 95.6 MPH)
|
Pinch Hitting: LHB Andy Schumacher
|
0-0: Foul Ball, location: 2F 0-1: Ball 1-1: Called Strike 1-2: Strikes out looking
|
Pinch Hitting: RHB Mario Mata
|
0-0: Foul Ball, location: 2F 0-1: Ball 1-1: Ball 2-1: Foul Ball, location: 2F 2-2: Ball 3-2: SINGLE (Line Drive, 3, EV 74.4 MPH) (infield hit) Bill Baconneck to second
|
Batting: SHB Sean Hill
|
0-0: Ball 1-0: Ball 2-0: Called Strike 2-1: Ball 3-1: Foul Ball, location: 2F 3-2: Foul Ball, location: 2F 3-2: Strikes out swinging
|
Batting: RHB Bob Magana
|
0-0: Ball 1-0: Fly out, F9 (Flyball, 9D, EV 76.3 MPH)
|
Bottom of the 7th over - 0 runs, 2 hits, 0 errors, 2 left on base; University of Michigan 1 - University of California 0 |
TOP OF THE 8TH |
University of Michigan Wolverines batting - Pitching for University of California Golden Bears : RHP Edgar Gonzalez
|
Now at 1B: Andy Schumacher
|
|
Now at 2B: Mario Mata
|
|
Batting: LHB Bobby Jones
|
0-0: Foul Ball, location: 2F 0-1: Ball 1-1: Foul Ball, location: 2F 1-2: Ball 2-2: Ball 3-2: Strikes out looking
|
Batting: RHB Deshawn Boseman
|
0-0: Called Strike 0-1: Fly out, F8 (Flyball, 78D, EV 97.5 MPH)
|
Batting: RHB Zach Downs
|
0-0: Foul Ball, location: 2F 0-1: Fly out, F6 (Flyball, 6MD, EV 90.0 MPH)
|
Top of the 8th over - 0 runs, 0 hits, 0 errors, 0 left on base; University of Michigan 1 - University of California 0 |
BOTTOM OF THE 8TH |
University of California Golden Bears batting - Pitching for University of Michigan Wolverines : LHP Bobby Jones
|
Pitching: RHP Legesse Jasiri
|
|
Pinch Hitting: RHB Ton van Dijk
|
0-0: Ball 1-0: Foul Ball, location: 2F 1-1: Swinging Strike 1-2: Ball 2-2: Ball 3-2: Base on Balls
|
Pitching: RHP Israel Alvarado
|
|
Batting: SHB Jim Conklin
|
0-0: Ball 1-0: SINGLE (Groundball, 5, EV 103.8 MPH) Ton van Dijk to second
|
Batting: LHB Joe Phillips
|
0-0: Foul Ball, location: 2F 0-1: Ball 1-1: Foul Ball, location: 2F 1-2: Ball 2-2: Strikes out swinging
|
Batting: RHB Eddie Zamora
|
0-0: Grounds into double play, 5-4-3 (Groundball, 56, EV 84.4 MPH)
|
Bottom of the 8th over - 0 runs, 1 hit, 0 errors, 1 left on base; University of Michigan 1 - University of California 0 |
TOP OF THE 9TH |
University of Michigan Wolverines batting - Pitching for University of California Golden Bears : RHP Edgar Gonzalez
|
Pitching: LHP Nick Gore
|
|
Batting: LHB Tsuneharu Nishimura
|
0-0: Foul Ball, location: 2F 0-1: Ball 1-1: Foul Ball, location: 2F 1-2: Ball 2-2: Ball 3-2: Base on Balls
|
Batting: RHB Johannes Gutermuth
|
0-0: Ball 1-0: Called Strike 1-1: Called Strike 1-2: Ball 2-2: Fly out, F9 (Flyball, 9, EV 82.5 MPH)
|
Batting: RHB Billy Fahl
|
0-0: Ball 1-0: Foul Ball, location: 2F 1-1: Ball 2-1: Foul Ball, location: 2F 2-2: Foul Ball, location: 2F 2-2: Strikes out swinging
|
Batting: LHB Parker Lowe
|
0-0: Called Strike Tsuneharu Nishimura steals 2nd base 0-1: Foul Ball, location: 2F 0-2: Ground out 6-3 (Groundball, 6, EV 85.0 MPH)
|
Top of the 9th over - 0 runs, 0 hits, 0 errors, 1 left on base; University of Michigan 1 - University of California 0 |
BOTTOM OF THE 9TH |
University of California Golden Bears batting - Pitching for University of Michigan Wolverines : RHP Israel Alvarado
|
Pitching: RHP Chris Nunnally
|
|
Batting: LHB Bill Baconneck
|
0-0: Fly out, F5 (Popup, 5SF, EV 72.5 MPH)
|
Batting: LHB Andy Schumacher
|
0-0: Foul Ball, location: 2F 0-1: Foul Ball, location: 2F 0-2: Foul Ball, location: 9LSF, Error on foul ball, E9 0-2: Ball 1-2: Ball 2-2: Foul Ball, location: 2F 2-2: Ball 3-2: Fly out, F7 (Line Drive, 7D, EV 88.8 MPH)
|
Batting: RHB Mario Mata
|
0-0: Called Strike 0-1: Called Strike 0-2: Strikes out swinging
|
Bottom of the 9th over - 0 runs, 0 hits, 1 error, 0 left on base; University of Michigan 1 - University of California 0 |
|